 Dungeon Crawl Stone Soup version 0.25.1-4-g9407a263a5 (webtiles) character file.

Game seed: 6659509513709607996

53 Gabide the Shooter (level 4, 0/33 HPs)
             Began as a Human Hunter on Nov 26, 2020.
             Killed from afar by Sigmund (8 damage)
             ... with a magic dart
             ... on level 2 of the Dungeon.
             The game lasted 00:02:47 (1112 turns).

Gabide the Shooter (Human Hunter)                   Turns: 1112, Time: 00:02:48

Health: 0/33       AC:  3    Str: 13    XL:     4   Next: 11%
Magic:  4/4        EV: 12    Int: 12    God:
Gold:   66         SH:  5    Dex: 13    Spells: 3/3 levels left

rFire    . . .     SeeInvis .   a - +1 shortbow
rCold    . . .     Gourm    .   (shield currently unavailable)
rNeg     . . .     Faith    .   c - +0 leather armour
rPois    .         Spirit   .   (no helmet)
rElec    .         Reflect  +   (no cloak)
rCorr    .         Harm     .   (no gloves)
MR       .....                  (no boots)
Stlth    +.........             j - amulet of reflection
HPRegen  0.11/turn              (no ring)
MPRegen  0.09/turn              (no ring)

@: no status effects
A: no striking features
a: no special abilities


You were on level 2 of the Dungeon.
You were not hungry.

You visited 1 branch of the dungeon, and saw 2 of its levels.

You collected 66 gold pieces.

Inventory:

Hand Weapons
 a - a +1 shortbow (weapon)
 b - a +0 short sword
Missiles
 d - 7 arrows (quivered)
Armour
 c - a +0 leather armour (worn)
Jewellery
 j - an amulet of reflection (around neck)
Scrolls
 i - 2 scrolls of teleportation {unknown}
 m - 3 scrolls of magic mapping {unknown}
 n - a scroll of identify {unknown}
Potions
 e - 2 potions of curing {unknown}
 h - a potion of magic {unknown}
 k - a potion of flight {unknown}
 l - a potion of brilliance {unknown}
Comestibles
 f - 8 rations


   Skills:
 + Level 2.1 Fighting
 * Level 5.3 Bows
 + Level 2.0 Dodging
 + Level 1.0 Stealth


You had 3 spell levels left.
You didn't know any spells.
Your spell library was empty.

Dungeon Overview and Level Annotations

Branches:
Dungeon (2/15)

Altars:
Gozag

Annotations:
D:2 Sigmund


Message History

You shoot an arrow. Something hits you.
A puff of flame appears from out of thin air!
The puff of flame hits you.
Firing (i - inventory)
d - 10 arrows (quivered)
Press: ? - help, Shift-Dir - straight line You shoot an arrow.
Firing (i - inventory)
d - 9 arrows (quivered)
Press: ? - help, Shift-Dir - straight line You shoot an arrow.
You block something's attack.
Okay, then.
Firing (i - inventory)
d - 8 arrows (quivered)
Press: ? - help, Shift-Dir - straight line You shoot an arrow.
Something hits you!
You clumsily bash something but do no damage.
Something hits you!
* * * LOW HITPOINT WARNING * * *
A magic dart appears from out of thin air!
The magic dart hits you!
You die...

#.#..#.#..#.# ..
#(#..#.#..'.'..#.#
#..(.#.#'##.####.#
#....#...........#
#....#.#'##.####.#
#...(#.#..#.#.8#.#
#....#.#..'.'..#.#
#....#.####.####.# .
#.(...({.@.......# .
...<#<.#############
# #.... #.### #. #


There were no monsters in sight!

Vanquished Creatures
  3 adders (D:2)
  A dart slug (D:1)
  A leopard gecko (D:1)
  5 goblins (D:1)
  5 hobgoblins
  4 kobolds
  A quokka (D:2)
  A bat (D:1)
  A frilled lizard (D:1)
  A rat (D:1)
23 creatures vanquished.

Notes
Turn   | Place    | Note
-------+----------+-------------------------------------------
     0 | D:1      | Gabide the Human Hunter began the quest for the Orb.
     0 | D:1      | Reached XP level 1. HP: 16/16 MP: 1/1
   177 | D:1      | Reached XP level 2. HP: 22/22 MP: 2/2
   694 | D:2      | Reached XP level 3. HP: 27/27 MP: 3/3
   743 | D:2      | Found an opulent altar of Gozag.
   841 | D:2      | Reached skill level 5 in Bows
   866 | D:2      | Reached XP level 4. HP: 24/33 MP: 4/4
  1095 | D:2      | Noticed Sigmund
  1112 | D:2      | Killed from afar by Sigmund

Illustrated notes

Levels and vault maps discovered:
D:1:      scummos_arrival_gate, layout_loops_ring
D:2:      minmay_door_path, layout_rooms, zin_statuary,
          nicolae_gozag_cash_rules_everything_around_me, minmay_lizard_king,
          uniq_jessica, uniq_sigmund

Skill      XL: |  1  2  3 |
---------------+----------+-----
Bows           | 5 |  5.3
Fighting       | |  2.1
Dodging        | |  2.0
Stealth        | |  1.0

Action                   |  1- 3 |  4- 6 || total
-------------------------+-------+-------++-------
Melee: Shortbow          |       |     1 ||     1
 Fire: Shortbow          |    58 |     9 ||    67
  Use: Scroll            |     2 |       ||     2
Armor: Leather armour    |     2 |       ||     2
Dodge: Dodged            |    15 |       ||    15
Block: Other             |       |     1 ||     1
